 Dungeon Crawl Stone Soup version 0.25.1-2-g60ff931df9 (webtiles) character file.

Game seed: 13629961412398801164

35 sankara the Grave Robber (level 3, 0/28 HPs)
             Began as a Ghoul Necromancer on Sept 4, 2020.
             Slain by a frilled lizard (1 damage)
             ... on level 1 of the Dungeon.
             The game lasted 00:03:37 (1437 turns).

sankara the Grave Robber (Ghoul Necromancer)        Turns: 1437, Time: 00:03:38

Health: 0/28       AC:  5    Str: 12    XL:     3   Next: 35%
Magic:  2/4        EV:  8    Int: 10    God:
Gold:   36         SH:  6    Dex:  9    Spells: 3/5 levels left

rFire    . . .     SeeInvis .     - Unarmed
rCold    + . .     Gourm    .   d - +0 kite shield (curse)
rNeg     + + +     Faith    .   p - +0 ring mail (curse)
rPois    ∞         Spirit   .   (no helmet)
rElec    .         Reflect  .   (no cloak)
rCorr    .         Harm     .   (no gloves)
MR       .....                  (no boots)
Stlth    +.........             (no amulet)
HPRegen  0.00/turn              (no ring)
MPRegen  0.09/turn              (no ring)

@: mighty, very slightly contaminated, rotting
A: rotting body, claws 1, carnivore, cold resistance 1, negative energy
resistance 3, inhibited regeneration, torment resistance, unbreathing
a: no special abilities


You were on level 1 of the Dungeon.
You were not hungry.

You visited 1 branch of the dungeon, and saw 2 of its levels.

You collected 36 gold pieces.

Inventory:

Missiles
 g - 70 stones (quivered)
 i - 19 poisoned darts
Armour
 d - a cursed +0 kite shield (worn)
 p - a cursed +0 ring mail (worn)
Scrolls
 a - 3 scrolls of immolation {unknown}
 e - a scroll of teleportation {unknown}
 f - a scroll of magic mapping {unknown}
 j - a scroll of noise {unknown}
 k - a scroll of fog {unknown}
 n - 2 scrolls of identify {unknown}
Potions
 l - a potion of magic {unknown}
 o - a potion of mutation {unknown}
Comestibles
 b - a chunk of flesh
 c - 7 rations


   Skills:
 + Level 1.0 Fighting
 + Level 0.8 Armour
 + Level 2.0 Dodging
 - Level 2.1 Stealth
 + Level 0.5 Shields
 * Level 1.6 Unarmed Combat
 - Level 1.7 Spellcasting
 + Level 4.1 Necromancy


You had 3 spell levels left.
You knew the following spells:

 Your Spells              Type           Power        Failure   Level  Hunger
a - Pain                  Necr           #...         65%         1    ##.....
b - Animate Skeleton      Necr           N/A          65%         1    ##.....

Your spell library contained the following spells:

 Spells                   Type           Power        Failure   Level  Hunger
 Vampiric Draining        Necr           #.........   95%         3    ####...
 Animate Dead             Necr           N/A          100%        4    #####..
 Agony                    Necr           #.......     100%        5    ######.


Dungeon Overview and Level Annotations

Branches:
Dungeon (2/15)

Altars:


Innate Abilities, Weirdness & Mutations

Your body is rotting away.
You thrive on raw meat.
You are immune to poison.
You have sharp fingernails.
You are carnivorous and can eat meat at any time.
Your flesh is cold resistant. (rC+)
You are immune to negative energy. (rN+++)
You do not regenerate when monsters are visible.
You are immune to unholy pain and torment.
You can survive without breathing.


Message History

The ooze hits you.
* * * LOW HITPOINT WARNING * * *
You see here an adder corpse.
Casting: Pain (safe; 65% risk of failure)
Confirm with . or Enter, or press ? or * to list all spells.
You miscast Animate Skeleton.
Nothing appears to happen.
The frilled lizard bites you but does no damage.
The kobold hits you with a cursed -2 short sword.
* * * LOW HITPOINT WARNING * * *
The ooze completely misses you. The frilled lizard closely misses you.
You block the frilled lizard's attack.
There is an escape hatch in the ceiling here.
The frilled lizard closely misses you. A mysterious force pulls you upwards.
The hatch slams shut behind you.
You aren't carrying any items that you can evoke.
It was a potion of might.
You feel very mighty all of a sudden. The frilled lizard bites you.
You die...

########.##.......#..#..###
.........##..........#...#
.........##.^.....#####..#
..................# #..#
########..#.......# #..#
#..####....#####..#
#..#..........##..#
#..###.#.####.#...#
#......#.@l.....#.# ###
#......#.####...#.##
#.######..##.#.# #......#
#.....>......#.# #..#####
#.######.#####.# #....# #.#
#....)..# ##.#.# #.#
#.####### #...# #.#
#.###### ##### #.# #......#


You could see a frilled lizard.

Vanquished Creatures
  An adder (D:2)
  A dart slug (D:1)
  2 bats (D:1)
  A giant cockroach (D:2)
  3 goblins
  4 hobgoblins (D:1)
  A kobold (D:1)
  2 rats (D:2)
15 creatures vanquished.

Vanquished Creatures (collateral kills)
  An adder (D:2)
1 creature vanquished.

Grand Total: 16 creatures vanquished

Notes
Turn   | Place    | Note
-------+----------+-------------------------------------------
     0 | D:1      | sankara the Ghoul Necromancer began the quest for the Orb.
     0 | D:1      | Reached XP level 1. HP: 14/14 MP: 2/2
   228 | D:1      | Learned a level 1 spell: Animate Skeleton
   438 | D:1      | Reached XP level 2. HP: 22/22 MP: 3/3
   648 | D:1      | Reached skill level 1 in Unarmed Combat
  1344 | D:2      | Reached XP level 3. HP: 21/27 MP: 4/4
  1418 | D:2      | Reached skill level 1 in Fighting
  1420 | D:2      | HP: 1/28 [kobold/cursed -2 short sword (2)]
  1437 | D:1      | Slain by a frilled lizard

Illustrated notes

Levels and vault maps discovered:
D:1:      co_arrival_hall_of_pillars, layout_basic
D:2:      layout_basic, gammafunk_temple_overflow_forgotten

Skill      XL: |  1  2  3 |
---------------+----------+-----
Unarmed Combat | 1 |  1.6
Dodging        | 2 |  2.0
Fighting       | 1 |  1.0
Armour         | |  0.8
Stealth        | |  2.1
Shields        | |  0.5
Spellcasting   | |  1.7
Necromancy     | |  4.1

Action                   || total
-------------------------++-------
Melee: Unarmed           ||    89
 Cast: Animate Skeleton  ||     5
       Pain              ||     1
  Use: Potion            ||     1
 Stab: Sleeping          ||     1
  Eat: Chunk             ||     3
Armor: Ring mail         ||    30
Dodge: Dodged            ||    34
Block: Kite shield       ||    30
